 Dungeon Crawl Stone Soup version 0.24.0-123-gd5b16e6ec5 (webtiles) character file.

Game seed: 14793697605906585671, levelgen mode: deterministic

187 vurker the Magician (level 5, -6/29 HPs)
             Began as a Deep Elf Air Elementalist on Feb 5, 2020.
             Mangled by an ogre
             ... wielding a +0 giant club
              (14 damage)
             ... on level 3 of the Dungeon.
             The game lasted 00:03:09 (2612 turns).

vurker the Magician (Deep Elf Air Elementalist)     Turns: 2612, Time: 00:03:10

Health: -6/29      AC:  4    Str:  5    XL:     5   Next: 39%
Magic:  5/13       EV: 12    Int: 21    God:
Gold:   118        SH:  4    Dex: 15    Spells: 3/13 levels left

rFire    . . .     SeeInvis .   j - +0 short sword
rCold    . . .     Gourm    .   c - +0 buckler
rNeg     . . .     Faith    .   a - +0 robe
rPois    .         Spirit   .   i - +2 hat
rElec    .         Reflect  .   (no cloak)
rCorr    .         Harm     .   (no gloves)
MR       .....                  (no boots)
Stlth    ++........             (no amulet)
HPRegen  0.09/turn              (no ring)
MPRegen  0.13/turn              (no ring)

@: very slightly contaminated
A: no striking features
a: no special abilities


You were on level 3 of the Dungeon.
You were not hungry.

You visited 1 branch of the dungeon, and saw 3 of its levels.

You collected 118 gold pieces.

Inventory:

Hand Weapons
 j - a +0 short sword (weapon)
   (You took it off a kobold on level 1 of the Dungeon)
Armour
 a - a +0 robe (worn)
 c - a +0 buckler (worn)
   (You found it on level 1 of the Dungeon)
 i - a +2 hat (worn)
   (You found it on level 1 of the Dungeon)
Wands
 k - a wand of polymorph (3)
   (You took it off a gnoll on level 3 of the Dungeon)
Scrolls
 b - a scroll of blinking {unknown}
 d - a scroll of amnesia {unknown}
 f - 2 scrolls of identify {unknown}
 l - a scroll of random uselessness {unknown}
 o - a scroll of magic mapping {unknown}
Potions
 g - a potion of lignification {unknown}
 h - a potion of curing
 m - a potion of magic {unknown}
 n - a potion of agility {unknown}
Comestibles
 e - 4 rations


   Skills:
 + Level 1.2 Fighting
 - Level 2.4 Dodging
 - Level 2.4 Stealth
 + Level 1.1 Shields
 * Level 4.5 Spellcasting
 * Level 3.0 Conjurations
 * Level 4.0 Air Magic


You had 3 spell levels left.
You knew the following spells:

 Your Spells              Type           Power        Failure   Level  Hunger
a - Shock                 Conj/Air       ###.         3%          1    None
b - Lightning Bolt        Conj/Air       ###.......   71%         5    ######.
c - Airstrike             Air            ###.......   30%         4    ####...

Your spell library contained the following spells:

 Spells                   Type           Power        Failure   Level  Hunger
 Swiftness                Chrm/Air       ##......     11%         2    #......
 Static Discharge         Conj/Air       ###.....     12%         3    ##.....


Dungeon Overview and Level Annotations

Branches:
Dungeon (3/15)

Altars:

Annotations:
D:3 Terence


Message History

You kill the gnoll!
Your Conjurations skill increases to level 3!
Terence the Incautious comes into view.
He is wielding a +0 hand axe and wearing a +3 scale mail of poison resistance.
Aim: Terence, wielding a +0 hand axe and wearing a +3 scale mail of poison resistance (hasn't noticed you)
The zap hits Terence but does no damage.
Terence shouts!
You hear a bark!
Aim: Terence, wielding a +0 hand axe and wearing a +3 scale mail of poison resistance The zap hits Terence but does no damage.
Aim: Terence, wielding a +0 hand axe and wearing a +3 scale mail of poison resistance The zap misses Terence.
Aim: Terence, wielding a +0 hand axe and wearing a +3 scale mail of poison resistance The zap misses Terence.
Aim: Terence, wielding a +0 hand axe and wearing a +3 scale mail of poison resistance The zap hits Terence.
Aim: Terence, wielding a +0 hand axe and wearing a +3 scale mail of poison resistance (lightly wounded)
The zap misses Terence.
Aim: Terence, wielding a +0 hand axe and wearing a +3 scale mail of poison resistance (lightly wounded)
The zap hits Terence.
You block Terence's attack.
Aim: Terence, wielding a +0 hand axe and wearing a +3 scale mail of poison resistance (moderately wounded)
The zap hits Terence but does no damage.
Terence hits you but does no damage.
A jackal comes into view.
Aim: Terence, wielding a +0 hand axe and wearing a +3 scale mail of poison resistance (moderately wounded)
The zap hits Terence.
The zap hits the jackal.
The jackal barks!
Terence screams, "I want your blood!" Terence hits you with a +0 hand axe.
You don't have enough magic to cast that spell.
You see here a +0 spear.
You see here a cursed -2 spear.
There is a stone staircase leading up here.
An ogre comes into view. It is wielding a +0 giant club.
Found a stone staircase leading down.
A worm comes into view.
The ogre hits you with a +0 giant club!
You hear the slow rusting of a drain nearby.
The ogre barely misses you.
Terence asks, "Do you want it fast or slow?"
There is a stone staircase leading up here.
There is a stone staircase leading up here.
The zap hits the ogre.
The zap misses the jackal.
The zap hits the jackal.
The zap hits the ogre.
The ogre hits you with a +0 giant club!
* * * LOW HITPOINT WARNING * * *
The zap hits the ogre!
The zap hits the jackal.
You kill the jackal!
The zap hits the ogre!
You miscast Shock.
You are very lightly contaminated with residual magic.
Your skin tingles.
The ogre hits you with a +0 giant club!
You die...

#.... #.# #...##
#.##.# ###....###
#.##.#
...>....###.##)# ##
#..........##.## ..
#......# #.#.).#.#
#....#.###.......#
#..........#...#.#
#..@##....h......#
#.##O######.##.####
# #@######.##.#
#...h<@..##+#
##########


You could see an ogre and Terence.

Vanquished Creatures
  Natasha (thrice) (D:2)
  3 gnolls (D:3)
  3 adders (D:2)
  3 worms (D:2)
  2 dart slugs
  2 leopard geckos (D:1)
  2 giant cockroaches
  5 goblins
  7 hobgoblins
  A jackal (D:3)
  A ball python (D:2)
  2 bats
  3 frilled lizards (D:2)
  7 kobolds
  3 rats
47 creatures vanquished.

Notes
Turn   | Place    | Note
-------+----------+-------------------------------------------
     0 | D:1      | vurker the Deep Elf Air Elementalist began the quest for
                  | the Orb.
     0 | D:1      | Reached XP level 1. HP: 10/10 MP: 6/6
   193 | D:1      | Reached XP level 2. HP: 2/15 MP: 0/8
  1376 | D:2      | Reached XP level 3. HP: 20/20 MP: 7/9
  1851 | D:2      | Noticed Natasha
  1858 | D:2      | Killed Natasha
  1858 | D:2      | Reached XP level 4. HP: 24/24 MP: 3/12
  1962 | D:2      | Reached skill level 1 in Fighting
  2221 | D:2      | Noticed Natasha
  2228 | D:2      | Killed Natasha
  2323 | D:2      | Noticed Natasha
  2333 | D:2      | Killed Natasha
  2333 | D:2      | Reached skill level 1 in Shields
  2333 | D:2      | Reached XP level 5. HP: 19/29 MP: 3/13
  2452 | D:2      | Learned a level 5 spell: Lightning Bolt
  2457 | D:2      | Learned a level 4 spell: Airstrike
  2548 | D:3      | Noticed Terence
  2571 | D:3      | Noticed an ogre
  2612 | D:3      | Mangled by an ogre

Levels and vault maps discovered:
D:1:      noname_arrival_rooms_in_the_neighbourhood, layout_basic,
          glass_columns_b
D:2:      layout_basic, uniq_natasha
D:3:      layout_loops_corners, nicolae_overflow_crystal_walls,
          gup_sewer_entry_spiral, makhleb_heckhound_becter, uniq_terence

Skill      XL: |  1  2  3  4  5 |
---------------+----------------+-----
Conjurations   | 2 3 |  3.0
Spellcasting   | 4 |  4.5
Fighting       | 1 |  1.2
Shields        | 1 |  1.1
Air Magic      | 4 |  4.0
Dodging        | |  2.4
Stealth        | |  2.4

Action                   |  1- 3 |  4- 6 || total
-------------------------+-------+-------++-------
Melee: Unarmed           |     9 |       ||     9
       Short sword       |     2 |       ||     2
 Cast: Shock             |    93 |    56 ||   149
  Eat: Chunk             |     3 |     1 ||     4
       Ration            |       |     1 ||     1
Armor: Robe              |     1 |     4 ||     5
Dodge: Dodged            |    10 |     8 ||    18
Block: Buckler           |       |     1 ||     1
